 Dungeon Crawl Stone Soup version 0.29-a0-817-g9904bce7a6 (webtiles) character file.

Game seed: 5121251266425749534

237316 avis the Crack Shot (level 17, -17/140 HPs)
             Began as a Demigod Ice Elementalist on July 5, 2022.
             Demolished by Asterion
             ... wielding a +2 broad axe of freezing
              (41 damage)
             ... on level 13 of the Dungeon on July 6, 2022.
             The game lasted 07:48:25 (53616 turns).

avis the Crack Shot (Demigod Ice Elementalist)     Turns: 53616, Time: 07:48:26

Health: -17/140    AC: 29    Str:  9    XL:     17   Next: 89%
Magic:  0/25       EV: 27    Int: 17    God:
Gold:   3990       SH:  8    Dex: 40    Spells: 12/22 levels left

rFire   + . .      SeeInvis +   w - +3 arbalest "Betah" {venom, rElec rPois rF- SInv}
rCold   + + .      Faith    .   (shield currently unavailable)
rNeg    . . .      Spirit   +   I - +5 steam dragon scales
rPois   +          Reflect  .   h - +2 helmet of New Discoveries {rF+ rCorr}
rElec   +          Harm     .   R - scarf {+Inv}
rCorr   +          Rampage  .   e - +2 pair of gloves
Will    ++...                   S - +1 pair of boots "Canuho" {rC+ Will+ Slay+3}
Stlth   ++++......              E - brooch of Shielding {Spirit SH+8}
HPRegen 0.33/turn               O - +6 ring of dexterity
MPRegen 0.19/turn               i - ring of poison resistance

@: ice-armoured, resistant, studying 2 skills
A: high MP 1, forlorn, divine attributes
}: 2/15 runes: barnacled, gossamer
a: Evoke Invisibility


You were on level 13 of the Dungeon.
You visited 7 branches of the dungeon, and saw 32 of its levels.
You also visited: Ossuary, Bailey, Ice Cave and Volcano.

You collected 4584 gold pieces.
You spent 594 gold pieces at shops.

Inventory:

Hand Weapons
 a - the +10 rapier "Kapurall" {vorpal, Dex+7}
   (You found it on level 4 of the Dungeon)

   It inflicts extra damage upon your enemies.
   Dex:       It affects your dexterity (+7).
 b - a +2 longbow of electrocution
 c - a +3 longbow of flaming
 d - a +0 long sword of holy wrath
 w - the +3 arbalest "Betah" (weapon) {venom, rElec rPois rF- SInv}
   (You acquired it on level 7 of the Dungeon)

   Any ammunition fired from it poisons the flesh of those it strikes.
   rF:        It makes you vulnerable to fire.
   rElec:     It insulates you from electricity.
   rPois:     It protects you from poison.
   SInv:      It lets you see invisible.
 z - a +1 dagger of draining
Missiles
 t - 8 throwing nets
Armour
 e - a +2 pair of gloves (worn)
 h - the +2 helmet of New Discoveries (worn) {rF+ rCorr}
   (You acquired it on level 7 of the Dungeon)

   rF:        It protects you from fire.
   rCorr:     It protects you from acid and corrosion.
 x - a scarf of invisibility
 I - +5 steam dragon scales (worn)
 P - a scarf of repulsion
 R - a scarf of invisibility (worn)
 S - the +1 pair of boots "Canuho" (worn) {rC+ Will+ Slay+3}
   (You found it on level 3 of the Spider Nest)

   Slay:      It affects your accuracy & damage with ranged weapons and melee
   (+3).
   rC:        It protects you from cold.
   Will:      It increases your willpower.
Jewellery
 i - a ring of poison resistance (right hand)
 k - a ring of flight
 n - a +4 ring of evasion
 v - a ring of see invisible
 E - the brooch of Shielding (around neck) {Spirit SH+8}
   (You found it on level 1 of the Lair of Beasts)

   [amulet of guardian spirit]

   It causes incoming damage to be divided between your reserves of health and
   magic.
   SH:        It affects your SH (+8).
 O - a +6 ring of dexterity (left hand)
Wands
 f - a wand of polymorph (16)
 g - a wand of digging (13)
 u - a wand of paralysis (18)
 D - a wand of mindburst (3)
 G - a wand of flame (13)
 W - a wand of quicksilver (8)
 X - a wand of iceblast (29)
Scrolls
 r - 2 scrolls of identify
 s - 9 scrolls of teleportation
 A - a scroll of amnesia
 B - 11 scrolls of fear
 K - 2 scrolls of blinking
 L - 3 scrolls of magic mapping
 N - 4 scrolls of fog
Potions
 j - 6 potions of brilliance
 l - 10 potions of curing
 o - 2 potions of resistance
 p - 4 potions of haste
 q - 7 potions of ambrosia
 y - 6 potions of magic
 C - a potion of berserk rage
 H - 3 potions of might
 V - 4 potions of invisibility
 Y - 2 potions of heal wounds
Miscellaneous
 m - a phial of floods
 Q - a lightning rod (4/4)
 T - a tin of tremorstones (2/2)


   Skills:
 - Level 10.0 Fighting
 - Level 14.0 Short Blades
 * Level 21.4 Ranged Weapons
 - Level 10.0 Armour
 - Level 10.0 Dodging
 - Level 3.0 Stealth
 - Level 3.0 Spellcasting
 - Level 3.0 Hexes
 - Level 3.0 Translocations
 + Level 8.0 Ice Magic
 - Level 3.0 Evocations


You had 12 spell levels left.
You knew the following spells:

 Your Spells              Type           Power      Damage    Failure   Level
a - Freeze                Ice            100%       1d11      1%          1
o - Ozocubu's Armour      Ice            30%        N/A       1%          3
p - Portal Projectile     Hex/Tloc       24%        N/A       16%         3
r - Frozen Ramparts       Ice            60%        1d8       1%          3

Your spell library contained the following spells:

 Spells                   Type           Power      Damage    Failure   Level
 Gell's Gravitas          Tloc           12%        N/A       16%         3
 Lesser Beckoning         Tloc           12%        N/A       16%         3
 Teleport Other           Tloc           12%        N/A       16%         3
 Tukima's Dance           Hex            12%        N/A       16%         3
 Foxfire                  Conj/Fire      8%         2x1d4     17%         1
 Magic Dart               Conj           8%         1d3       17%         1
 Call Imp                 Summ           2%         N/A       26%         2
 Poisonous Vapours        Pois/Air       4%         N/A       26%         2
 Static Discharge         Conj/Air       2%         3-4/arc   26%         2
 Sublimation of Blood     Necr           2%         N/A       26%         2
 Dazzling Flash           Conj/Hex       14%        N/A       28%         3
 Inner Flame              Hex/Fire       7%         N/A       28%         3
 Summon Guardian Golem    Hex/Summ       7%         N/A       28%         3
 Hailstorm                Conj/Ice       16%        3d6       32%         4
 Conjure Flame            Conj/Fire      2%         6-21      45%         3
 Mephitic Cloud           Conj/Pois/Air  2%         N/A       45%         3
 Cause Fear               Hex            6%         N/A       45%         4
 Passage of Golubria      Tloc           12%        N/A       45%         4
 Iskenderun's Mystic Bla  Conj/Tloc      7%         2d4       67%         4
 Leda's Liquefaction      Hex/Erth       3%         N/A       67%         4
 Animate Armour           Summ/Erth      4%         N/A       86%         4
 Animate Dead             Necr           2%         N/A       86%         4
 Corpse Rot               Necr/Pois/Air  2%         N/A       86%         4
 Flame Wave               Conj/Fire      2%         2d4       86%         4
 Petrify                  Tmut/Erth      2%         N/A       86%         4
 Silence                  Hex/Air        3%         N/A       95%         5
 Yara's Violent Unravell  Hex/Tmut       3%         3d4       95%         5
 Agony                    Necr           2%         N/A       99%         5
 Alistair's Intoxication  Tmut/Pois      1%         N/A       99%         5
 Blade Hands              Tmut           1%         N/A       99%         5
 Borgnjor's Vile Clutch   Necr/Erth      1%         N/A       99%         5
 Irradiate                Conj/Tmut      1%         3d13      99%         5
 Lee's Rapid Deconstruct  Erth           1%         3d5*      99%         5
 Lightning Bolt           Conj/Air       1%         1d12      99%         5
 Eringya's Noxious Bog    Tmut/Pois      1%         N/A       100%        6
 Starburst                Conj/Fire      1%         6d3       100%        6
 Statue Form              Tmut/Erth      1%         N/A       100%        6
 Haunt                    Necr/Summ      1%         N/A       100%        7
 Orb of Destruction       Conj           1%         9d5       100%        7
 Spellforged Servitor     Conj/Summ      1%         N/A       100%        7
 Summon Hydra             Summ           1%         N/A       100%        7
 Discord                  Hex            6%         N/A       100%        8
 Infestation              Necr           1%         N/A       100%        8
 Lehudib's Crystal Spear  Conj/Erth      1%         10d2      100%        8
 Maxwell's Capacitive Co  Air            1%         ∞         100%        8


Dungeon Overview and Level Annotations

Branches:
Dungeon (14/15)            Temple (1/1) D:4            Lair (6/6) D:10
 Shoals (4/4) Lair:3       Spider (4/4) Lair:3        Slime (0/5) Lair:5
    Orc (2/2) D:11            Elf (0/3) Orc:2        Vaults (1/5) D:13
Ossuary (visited)          Bailey (visited)           IceCv (visited)
Volcano (visited)

Shops:
D:6 :   D:9 [   Orc:2 (=*[   Shoals:4 !

Annotations:
D:13 Asterion


Innate Abilities, Weirdness & Mutations

You have an increased reservoir of magic. (+10% MP)
You shall have no god before yourself.
Your divine heritage dramatically boosts your attributes as you level up.


Message History

Asterion is lightly wounded.
Asterion utters an invocation to Makhleb.
Asterion seems to speed up.
Fire: w) +3 arbalest "Betah" {venom, rElec rPois rF- SInv}
Press: ? - help, Q - select action, (/) - cycle Shift-Dir - straight line, f/p - Asterion
Aim: Asterion, wielding a +2 broad axe of freezing, wearing a +0 ring mail and wearing a +0 kite shield (lightly wounded, fast, strong, extremely poisoned, 93% to hit)
You shoot a bolt.
Asterion blocks the bolt.
Asterion closely misses you. You block Asterion's attack.
Asterion barely misses you. You block Asterion's attack.
Fire: w) +3 arbalest "Betah" {venom, rElec rPois rF- SInv}
Press: ? - help, Q - select action, (/) - cycle Shift-Dir - straight line, f/p - Asterion
Aim: Asterion, wielding a +2 broad axe of freezing, wearing a +0 ring mail and wearing a +0 kite shield (lightly wounded, fast, strong, extremely poisoned, 93% to hit)
You shoot a bolt.
Asterion blocks the bolt.
Asterion mumbles some strange prayers to Makhleb.
Fire: w) +3 arbalest "Betah" {venom, rElec rPois rF- SInv}
Press: ? - help, Q - select action, (/) - cycle Shift-Dir - straight line, f/p - Asterion
Aim: Asterion, wielding a +2 broad axe of freezing, wearing a +0 ring mail and wearing a +0 kite shield (lightly wounded, fast, strong, extremely poisoned, 93% to hit)
You shoot a bolt. The bolt hits Asterion!!
Asterion looks as sick as possible!
Asterion is moderately wounded.
Asterion barely misses you. x3; Asterion misses you.
Fire: w) +3 arbalest "Betah" {venom, rElec rPois rF- SInv}
Press: ? - help, Q - select action, (/) - cycle Shift-Dir - straight line, f/p - Asterion
Aim: Asterion, wielding a +2 broad axe of freezing, wearing a +0 ring mail and wearing a +0 kite shield (moderately wounded, fast, strong, extremely poisoned, 93% to hit)
You shoot a bolt.
Asterion blocks the bolt.
Asterion closely misses you. Asterion gores you but does no damage.
The blizzard demon hits you but does no damage. x2
Fire: w) +3 arbalest "Betah" {venom, rElec rPois rF- SInv}
Press: ? - help, Q - select action, (/) - cycle Shift-Dir - straight line, f/p - Asterion
Aim: Asterion, wielding a +2 broad axe of freezing, wearing a +0 ring mail and wearing a +0 kite shield (moderately wounded, fast, strong, extremely poisoned, 93% to hit)
You shoot a bolt. The bolt hits Asterion!
Asterion looks as sick as possible!
Asterion is heavily wounded.
Asterion hits you with a +2 broad axe of freezing!!!
* * * LOW HITPOINT WARNING * * *
Asterion freezes you.
* * * LOW HITPOINT WARNING * * *
Asterion closely misses you.
The blizzard demon hits you but does no damage.
The blizzard demon barely misses you.
Asterion hits you with a +2 broad axe of freezing!!!
You die...

.............#[....#...[.#.###.##
..####..#....#.....'.....#.......
..# #..##...#..⌠..'..⌠..#.......
..# ##.##.#.#.....'.....#..##.##
.## #..#+#.#.....#..[..#..##.##
.######......##'[[###'''##.[##.##
.............#..)..#.....#..##.##
.............#.....#.....'..##.##
.............#.H@..#..⌠..'......#
.............#(.2..#.....'..##..#
.......##.>(.#.(.)!#.....#......#
.......##....#############..###..
.......##...................# ###
.......##.........#########.#
.......########'#.# #.# ........#
#.#.# #.#
........#######.#.#########.#


You could see Asterion (fast, strong, extremely poisoned) and a blizzard demon
(summoned).

Vanquished Creatures
  Jorgrun (Spider:3)
  Rupert (Spider:1)
  Polyphemus (Shoals:2)
  Gastronok (D:9)
  Donald (Spider:3)
  Roxanne (Shoals:2)
  3 azure jellies (Lair:5)
  An orc warlord (Orc:1)
  5 emperor scorpions
  4 ghost moths
  2 broodmothers
  The ghost of Rofid the Eclecticist, a journeyman DECj of Sif Muna (Spider:3)
  6 entropy weavers
  6 spark wasps
  3 merfolk javelineers
  4 merfolk impalers
  A vault guard (D:13)
  3 jorogumos
  7 hydras
  9 two-headed ogres
  5 boulder beetles
  3 centaur warriors
  5 merfolk avatars
  2 catoblepae
  An ogre mage (Volcano)
  4 radroaches
  2 alligator snapping turtles
  7 dancing weapons (Spider:1)
  A tengu warrior (D:13)
  4 merfolk aquamancers
  7 death scarabs (Spider:4)
  4 death yaks (Shoals:2)
  3 satyrs
  A spectral emperor scorpion (Spider:4)
  Urug (Lair:6)
  An orc high priest (Orc:2)
  A hell knight (Volcano)
  9 pharaoh ants
  Nergalle (D:12)
  15 sea snakes
  2 sun moths
  13 orb spiders
  8 steelbarb worms
  4 orc knights
  A wizard (D:11)
  A kraken simulacrum (Shoals:4)
  14 harpies
  A deep elf pyromancer (D:14)
  2 spectral wolf spiders (Spider:4)
  3 necromancers
  2 ugly things
  3 orc sorcerers
  17 wolf spiders
  10 manticores
  20 fauns
  5 moths of wrath
  6 cyclopes
  5 elephants
  3 ice statues (IceCv)
  5 black mambas
  4 torpor snails
  8 merfolk sirens
  4 demonic crawlers
  6 water nymphs
  5 spectral redbacks (Spider:4)
  2 yaktaurs (D:13)
  2 unseen horrors
  17 cane toads
  8 rime drakes
  12 komodo dragons
  A tengu conjurer (D:13)
  3 kobold demonologists (D:9)
  A redback zombie (Spider:4)
  A freezing wraith (IceCv)
  An anaconda simulacrum (IceCv)
  4 polar bears
  2 spectral jumping spiders (Spider:4)
  6 wind drakes
  4 hornets
  5 trolls
  12 meliai
  4 spectral tarantellas (Spider:4)
  24 merfolk
  41 tarantellas
  13 dream sheep
  3 tarantella zombies (Spider:4)
  7 slime creatures
  A jumping spider zombie (Spider:4)
  12 blink frogs
  4 snapping turtles
  34 jumping spiders
  7 spriggans
  3 shadows
  28 culicivoras
  3 wyverns
  A dire elephant simulacrum (IceCv)
  57 yaks
  A wraith (D:11)
  6 water elementals (Shoals:4)
  5 basilisks
  20 humans (D:13)
  3 steam dragons
  69 redbacks
  A warg (Orc:1)
  4 vampire mosquitoes (D:14)
  A death yak simulacrum (IceCv)
  An acid dragon (D:9)
  13 water moccasins
  3 ice beasts
  5 black bears
  30 orc warriors
  10 ogres
  2 boggarts (Vaults:1)
  13 wolves
  The ghost of zhov the Shooter, an amateur DsHu (D:3)
  13 centaurs
  A phantom (D:5)
  An elf zombie (Ossuary)
  10 bullfrogs
  2 kobold brigands (D:9)
  A gnoll sergeant (D:6)
  A cane toad simulacrum (IceCv)
  A two-headed ogre simulacrum (Orc:1)
  2 necrophages
  2 scorpions
  7 wights
  6 killer bees (D:8)
  2 elephant simulacra (IceCv)
  10 howler monkeys
  A centaur zombie (Ossuary)
  A hound (D:5)
  17 orc priests
  A gnoll bouda (Orc:1)
  3 iguanas
  32 orc wizards
  7 hell rats (Lair:3)
  4 troll simulacra (Orc:1)
  A spriggan simulacrum (Orc:1)
  3 polar bear simulacra
  A yak simulacrum (Lair:5)
  6 wolf simulacra
  2 mummies (Ossuary)
  Robin (D:2)
  20 gnolls
  2 adders
  A naga simulacrum (Orc:1)
  2 adder zombies (Ossuary)
  6 worms
  4 dart slugs
  87 orcs
  6 bats
  11 endoplasms
  10 goblins
  16 hobgoblins
  10 jackals
  2 quokkas
  2 ball pythons
  5 frilled lizards
  2 goblin zombies
  6 hobgoblin zombies (Ossuary)
  4 jackal zombies (Ossuary)
  5 kobolds
  11 kobold zombies (Ossuary)
  9 orc zombies (Ossuary)
  A quokka zombie (D:7)
  8 rats
  2 rat zombies (Ossuary)
  5 river rat simulacra (Lair:5)
  A tentacle (Shoals:4)
1178 creatures vanquished.

Vanquished Creatures (others)
  A bush (Lair:6)
  43 fungi
  149 plants
  3 tentacles (Shoals:4)
196 creatures vanquished.

Grand Total: 1374 creatures vanquished

Notes
Turn   | Place    | Note
-------+----------+-------------------------------------------
     0 | D:1      | avis the Demigod Ice Elementalist began the quest for the
                  | Orb.
     0 | D:1      | Reached XP level 1. HP: 14/14 MP: 5/5
     1 | D:1      | Noticed a minotaur skeleton
   213 | D:1      | Reached skill level 1 in Fighting
   332 | D:1      | Reached XP level 2. HP: 23/23 MP: 0/7
  1396 | D:2      | Reached XP level 3. HP: 22/30 MP: 4/8
  1719 | D:2      | Noticed Robin
  1928 | D:1      | Learned a level 3 spell: Ozocubu's Armour
  2122 | D:2      | Killed Robin
  2948 | D:3      | Reached XP level 4. HP: 31/38 MP: 7/9
  3222 | D:3      | Found a runed translucent gate.
  3222 | D:3      | Noticed zhov's ghost (amateur DsHu)
  3223 | D:3      | Found a runed translucent gate.
  3224 | D:3      | Found a runed translucent gate.
  4430 | D:4      | Noticed a necrophage
  4600 | D:3      | Reached XP level 5. HP: 36/45 MP: 6/10
  5088 | D:4      | Found a staircase to the Ecumenical Temple.
  5105 | Temple   | Entered the Ecumenical Temple
  5291 | D:4      | Reached XP level 6. HP: 53/53 MP: 4/11
  5410 | D:4      | Identified the +10 rapier "Kapurall" {vorpal, Dex+7}
  5454 | D:4      | Reached skill level 1 in Short Blades
  5817 | D:5      | Entered Level 5 of the Dungeon
  6012 | D:4      | Reached skill level 5 in Fighting
  6500 | D:5      | Reached XP level 7. HP: 59/61 MP: 10/13
  6773 | D:5      | Reached skill level 1 in Ranged Weapons
  7088 | D:5      | Reached skill level 5 in Dodging
  7222 | D:5      | Reached skill level 2 in Ranged Weapons
  7290 | D:5      | Reached skill level 3 in Ranged Weapons
  7290 | D:5      | Reached XP level 8. HP: 68/68 MP: 10/14
  7654 | D:6      | Found Mamowkit's Book Boutique.
  7835 | D:6      | Identified the +1 leather armour of the Blizzard {Will+++
                  | Int+5 Stlth-}
  8165 | D:6      | Reached skill level 4 in Ranged Weapons
  8901 | D:4      | Learned a level 3 spell: Frozen Ramparts
  9005 | D:7      | Identified 2 scrolls of acquirement
  9005 | D:7      | Acquired the +2 helmet of New Discoveries {rF+ rCorr}
  9020 | D:7      | Acquired the +3 arbalest "Betah" {venom, rElec rPois rF-
                  | SInv}
  9077 | D:7      | Found a sand-covered staircase.
  9099 | Ossuary  | Entered an ossuary
  9284 | Ossuary  | Reached skill level 5 in Ranged Weapons
  9692 | D:7      | Found a flagged portal.
  9722 | Bailey   | Entered a bailey
  9732 | Bailey   | Reached skill level 6 in Ranged Weapons
  9744 | Bailey   | Reached XP level 9. HP: 61/74 MP: 16/16
  9747 | Bailey   | Reached skill level 5 in Ice Magic
  9839 | Bailey   | Reached skill level 7 in Ranged Weapons
  9956 | Bailey   | Identified the +8 shortbow of Fate {freeze, rElec rC+}
  9962 | Bailey   | Reached skill level 8 in Ranged Weapons
 10115 | Bailey   | Noticed a two-headed ogre
 10128 | Bailey   | Killed a two-headed ogre
 10129 | Bailey   | Reached skill level 9 in Ranged Weapons
 11141 | D:8      | Reached skill level 10 in Ranged Weapons
 11145 | D:8      | Identified the +7 war axe "Veopp" {speed, Dex+3}
 11295 | D:8      | Reached XP level 10. HP: 81/81 MP: 17/17
 11646 | D:9      | Noticed Gastronok
 11661 | D:9      | Killed Gastronok
 11662 | D:9      | Reached skill level 5 in Short Blades
 12255 | D:9      | Found Sonaxt's Antique Armour Boutique.
 12907 | D:10     | Entered Level 10 of the Dungeon
 13301 | D:10     | Paralysed by a hornet for 1 turns
 13620 | D:10     | Reached XP level 11. HP: 86/86 MP: 19/19
 14273 | D:10     | Found a staircase to the Lair.
 14605 | Lair:1   | Entered Level 1 of the Lair of Beasts
 14762 | Lair:1   | Reached skill level 10 in Short Blades
 15040 | Lair:1   | Noticed a seven-headed hydra
 15045 | Lair:1   | Killed a seven-headed hydra
 15108 | Lair:1   | Identified the +3 ring mail of Wuvo {rN++ Str+4}
 15227 | Lair:1   | Reached skill level 11 in Ranged Weapons
 15769 | Lair:1   | Reached skill level 12 in Ranged Weapons
 16178 | Lair:1   | Found the brooch of Shielding {Spirit SH+8}
 17184 | Lair:2   | Noticed a catoblepas
 17195 | Lair:2   | Killed a catoblepas
 17211 | Lair:2   | Found a dark tunnel.
 17248 | Volcano  | Entered a volcano
 17264 | Volcano  | Noticed an ogre mage
 17271 | Volcano  | Paralysed by an ogre mage for 4 turns
 17278 | Volcano  | Killed an ogre mage
 17283 | Volcano  | Noticed a two-headed ogre
 17287 | Volcano  | Noticed a two-headed ogre
 17290 | Volcano  | Noticed a two-headed ogre
 17292 | Volcano  | Killed a two-headed ogre
 17293 | Volcano  | Reached XP level 12. HP: 65/94 MP: 11/20
 17300 | Volcano  | Killed a two-headed ogre
 17306 | Volcano  | Killed a two-headed ogre
 17417 | Volcano  | Noticed a two-headed ogre
 17423 | Volcano  | Killed a two-headed ogre
 17612 | Volcano  | Noticed a two-headed ogre
 17612 | Volcano  | Noticed a two-headed ogre
 17618 | Volcano  | Killed a two-headed ogre
 17622 | Volcano  | Killed a two-headed ogre
 17914 | Lair:2   | Noticed an eight-headed hydra
 17920 | Lair:2   | Killed an eight-headed hydra
 19133 | D:11     | Found a staircase to the Orcish Mines.
 20130 | Lair:1   | Upgraded the game from 0.29-a0-813-g4a14ea37d6 to
                  | 0.29-a0-817-g9904bce7a6
 20625 | Lair:3   | Reached skill level 1 in Armour
 20661 | Lair:3   | Found a staircase to the Shoals.
 20902 | Lair:3   | Found a hole to the Spider Nest.
 21114 | Lair:3   | Reached XP level 13. HP: 91/101 MP: 15/21
 21375 | Lair:3   | Identified the +2 leather armour of Rickak {Str+2}
 22837 | Lair:4   | Reached skill level 13 in Ranged Weapons
 22887 | Lair:4   | You fall into a shaft and drop 2 floors!
 22887 | Lair:6   | Entered Level 6 of the Lair of Beasts
 23449 | Lair:1   | Learned a level 3 spell: Portal Projectile
 23896 | Lair:5   | Found a runed translucent door.
 23896 | Lair:5   | Noticed an azure jelly
 23897 | Lair:5   | Found a staircase to the Slime Pits.
 23897 | Lair:5   | Noticed an azure jelly
 23897 | Lair:5   | Noticed an azure jelly
 24448 | Lair:6   | Noticed Urug
 25349 | Lair:6   | Killed Urug
 25716 | Lair:6   | Reached skill level 5 in Armour
 25716 | Lair:6   | Reached XP level 14. HP: 113/113 MP: 17/22
 25989 | Lair:6   | Identified the +6 rapier of Gloom {vorpal, Int+7}
 26429 | Spider:1 | Entered Level 1 of the Spider Nest
 26524 | Spider:1 | Noticed an emperor scorpion
 26542 | Spider:1 | Killed an emperor scorpion
 26550 | Spider:1 | Reached skill level 14 in Ranged Weapons
 26811 | Spider:1 | Found a runed translucent door.
 26932 | Spider:1 | Noticed a broodmother
 26943 | Spider:1 | Killed a broodmother
 27271 | Spider:1 | Identified the +9 ring mail "Vohum" {Dex+3}
 27271 | Spider:1 | Noticed Rupert
 27307 | Spider:1 | Killed Rupert
 27361 | Spider:1 | Reached skill level 15 in Ranged Weapons
 28253 | Lair:1   | Acquired a manual of Earth Magic
 28380 | Shoals:1 | Entered Level 1 of the Shoals
 28540 | Shoals:1 | Reached skill level 1 in Hexes
 28540 | Shoals:1 | Reached skill level 1 in Translocations
 29701 | Spider:1 | Acquired a manual of Armour
 29730 | Spider:2 | Noticed a ghost moth
 29730 | Spider:2 | Noticed an emperor scorpion
 29744 | Spider:1 | Killed an emperor scorpion
 29875 | Spider:2 | Killed a ghost moth
 30782 | Spider:2 | Reached skill level 16 in Ranged Weapons
 30789 | Spider:2 | Reached XP level 15. HP: 117/118 MP: 19/23
 32014 | D:12     | Noticed Nergalle
 32018 | D:12     | Killed Nergalle
 32394 | Orc:1    | Entered Level 1 of the Orcish Mines
 32454 | Orc:1    | Found a frozen archway.
 32479 | IceCv    | Entered an ice cave
 32573 | IceCv    | Reached skill level 1 in Evocations
 34008 | Orc:2    | Entered Level 2 of the Orcish Mines
 34766 | Orc:2    | Found Ylisuvuiji's General Store.
 34774 | Orc:2    | Bought the +1 pair of boots of Ashenzari's Generosity
                  | {rPois Str+4 Int+5} for 594 gold pieces
 34799 | Orc:2    | Found Toexiank's Antique Armour Boutique.
 34814 | Orc:2    | Found Dyesoint's Jewellery Boutique.
 34830 | Orc:2    | Found Wuzeeff's Antique Weapon Boutique.
 34853 | Orc:2    | Found a staircase to the Elven Halls.
 36402 | Shoals:2 | Noticed Roxanne
 36611 | Shoals:2 | Killed Roxanne
 36726 | Shoals:2 | Reached skill level 17 in Ranged Weapons
 38623 | Spider:3 | Got the Lectures on the Retinue
 38646 | Spider:3 | Noticed Jorgrun
 38694 | Spider:3 | Killed Jorgrun
 38933 | Spider:3 | Found a transporter.
 38940 | Spider:3 | Reached XP level 16. HP: 125/128 MP: 21/24
 38976 | Spider:3 | Noticed Rofid's ghost (journeyman DECj)
 38990 | Spider:3 | Found a transporter.
 39350 | Spider:2 | Reached skill level 18 in Ranged Weapons
 39600 | Spider:3 | Reached skill level 10 in Armour
 41186 | D:13     | Found a gate to the Vaults.
 42625 | Shoals:3 | Noticed Polyphemus
 42642 | Shoals:2 | Killed Polyphemus
 42700 | Shoals:3 | Reached skill level 19 in Ranged Weapons
 43905 | Shoals:3 | Reached skill level 10 in Dodging
 45193 | D:3      | Killed zhov's ghost
 45901 | Spider:3 | Killed Rofid's ghost
 45927 | Spider:3 | Identified the +1 pair of boots "Canuho" {rC+ Will+ Slay+3}
 46373 | Spider:4 | Entered Level 4 of the Spider Nest
 46657 | Spider:3 | Reached XP level 17. HP: 89/136 MP: 18/25
 46954 | Spider:4 | Noticed Donald
 47338 | Spider:3 | Killed Donald
 47339 | Spider:3 | Reached skill level 20 in Ranged Weapons
 49971 | Spider:4 | Reached skill level 10 in Fighting
 49995 | Spider:4 | Got a gossamer rune of Zot
 50515 | Shoals:4 | Entered Level 4 of the Shoals
 50764 | Shoals:4 | Reached skill level 21 in Ranged Weapons
 51169 | Shoals:4 | Found Gegyoloa's Distillery.
 51751 | Shoals:4 | Got a barnacled rune of Zot
 53167 | Vaults:1 | Entered Level 1 of the Vaults
 53208 | Vaults:1 | Noticed Asterion
 53222 | Vaults:1 | HP: 3/140 [Asterion/+2 broad axe of freezing (25)]
 53222 | Vaults:1 | HP: 1/140 [Asterion/+2 broad axe of freezing (2)]
 53616 | D:13     | Demolished by Asterion

Illustrated notes

Levels and vault maps discovered:
D:1:      shiori_arrival_whats_in_store_for_you, layout_basic,
          basic_ecumenical_altar
D:2:      layout_basic, chequers_serial_rivers_large_b, uniq_robin
D:3:      layout_rooms, nicolae_ru_sacrificial_ziggurat,
          biasface_ghost_orc_armoury
D:4:      layout_basic, minmay_temple_entry_mini_moons, skrybe_limestone_x
D:5:      layout_basic, nemelex_dance_club_becter
D:6:      layout_loops_corners, nicolae_dithmenos_shadow_blocks, serial_shops,
          shop
D:7:      layout_loops_ring, enter_ossuary_4, enter_bailey_7
D:8:      layout_loops_ring
D:9:      layout_long_grid, mainiacjoe_overflow_alcove_2,
          lemuel_coloured_pillars_altar, serial_shops, shop, uniq_gastronok
D:10:     layout_gridville, overflow_temple_1_default,
          nicolae_overflow_quartered_altars, marbit_many_paths, erik_lair_dragon
D:11:     layout_basic, david_orc_3, minmay_checkerbox
D:12:     layout_long_grid, zin_scriptorium, uniq_nergalle
D:13:     cheibrodos_orc_bank, layout_basic, grunt_vaults_entry_tiered
D:14:     layout_roguey, nicolae_qazlal_scattered_showers
Temple:   minmay_freezing_vapour_temple
Lair:1:   wad_woods_structure_01, layout_regular_city
Lair:2:   layout_cellular_growth, nicolae_volcano_entry_two_sided,
          wad_woods_road_02
Lair:3:   layout_regular_city, minmay_shoals_entry_centaurs,
          nicolae_spider_entry_orb_guardian, basic_altar, forest_entry_grove,
          grunt_megastairs_1
Lair:4:   layout_regular_city, lemuel_fruit_tree
Lair:5:   layout_hall_layers, slime_entry_2, eino_house_with_fridge
Lair:6:   gammafunk_lair_ancient_temple, layout_small_grid, uniq_urug
Shoals:1: layout_shoals
Shoals:2: layout_shoals, nicolae_shoals_land_atoll, uniq_roxanne
Shoals:3: layout_shoals, nicolae_splish_splash, uniq_polyphemus
Shoals:4: shoals_end_grunt_ice, layout_shoals, serial_shops,
          nicolae_shop_statue_plus
Spider:1: cheibrodos_spider_deadly_dance, uniq_rupert
Spider:2: layout_spider_delve, nicolae_spider_stair_cavern
Spider:3: layout_spider_delve, gammafunk_ghost_berserking_beasts,
          nicolae_spider_eight_legs, uniq_jorgrun
Spider:4: floodkiller_spider_rune_tomb, uniq_donald
Orc:1:    layout_diamond_mine, portal_ice_cave_entry_ice_simulacra
Orc:2:    grunt_orc_cross, layout_caves
Vaults:1: ploomutoo_gammafunk_ghost_potion_laboratory,
          nicolae_vaults_yaktaur_gun_rack, vaults_dpeg_cross,
          ontoclasm_vaults_hangar, nicolae_vaults_diagonal_hallway_7, v_misc_13,
          dpeg_vaults_monster_box, ontoclasm_vaults_eye, layout_vaults_omnigrid,
          uniq_asterion

Skill      XL: |  1  2  3  4  5  6  7  8  9 10 11 12 13 14 15 16 17 |
---------------+----------------------------------------------------+-----
Fighting       | 1 2 3 4 5 7 8 10 | 10.0
Dodging        | 2 3 5 7 8 10 | 10.0
Stealth        | 2 3 |  3.0
Spellcasting   | 2 3 |  3.0
Ice Magic      | 4 5 6 7 8 |  8.0
Short Blades   | 3 4 8 10 14 | 14.0
Ranged Weapons | 3 6 10 12 13 16 17 19 21 | 21.4
Armour         | 1 5 7 9 10 | 10.0
Hexes          | 3 |  3.0
Translocations | 3 |  3.0
Evocations     | 3 |  3.0

Action                   |  1- 3 |  4- 6 |  7- 9 | 10-12 | 13-15 | 16-18 || total
-------------------------+-------+-------+-------+-------+-------+-------++-------
Melee: Dagger            |    12 |    23 |       |       |       |       ||    35
       Rapier            |       |    46 |   174 |   361 |   422 |   371 ||  1374
       Punch             |       |       |     2 |     5 |     7 |     4 ||    18
 Fire: Sling             |       |       |   141 |       |       |       ||   141
       Shortbow          |       |       |    33 |   334 |   275 |     5 ||   647
       Arbalest          |       |       |       |       |   791 |   449 ||  1240
       Longbow           |       |       |       |       |    80 |   445 ||   525
Throw: Dart              |       |     1 |       |       |       |       ||     1
 Cast: Freeze            |    88 |    74 |       |       |       |       ||   162
       Ozocubu's Armour  |     2 |    16 |    24 |    70 |   158 |   127 ||   397
       Frozen Ramparts   |       |       |       |     1 |       |       ||     1
Evoke: Wand              |       |       |       |       |     2 |     6 ||     8
  Use: Scroll            |       |     6 |    13 |     9 |    18 |     8 ||    54
       Potion            |       |       |     2 |     2 |    12 |    15 ||    31
 Stab: Sleeping          |     6 |     3 |     2 |     6 |       |     1 ||    18
       Invisible         |       |       |       |       |       |     7 ||     7
Armor: Robe              |    17 |    32 |     4 |       |       |       ||    53
       Leather armour    |       |       |    17 |       |       |       ||    17
       Steam dragon scal |       |       |    21 |    98 |   299 |   248 ||   666
       Acid dragon scale |       |       |     6 |       |       |       ||     6
Dodge: Dodged            |    61 |    86 |   184 |   154 |   708 |  1089 ||  2282
       Repelled          |       |       |       |     3 |     8 |     6 ||    17
Block: Other             |       |       |       |    40 |   302 |   396 ||   738

Table legend: (Time is in decaauts)
 A = Elapsed time spent in this place.
 B = Non-inter-level travel time spent in this place.
 C = Inter-level travel time spent in this place.
 D = Time resting spent in this place.
 E = Time spent auto-exploring this place.
 F = Levels seen in this place.
 G = Mean time per level.
                   A        B        C        D        E       F      G
               +--------+--------+--------+--------+--------+-----+--------+
         Total |  53642 |  44421 |   9221 |  16795 |  12764 |  36 | 1490.1 |
       Dungeon |  20130 |  16397 |   3733 |   4588 |   7660 |  14 | 1437.9 |
        Temple |    226 |    222 |      4 |    152 |      0 |   1 |  226.0 |
          Lair |  11874 |   8151 |   3723 |   2119 |   3402 |   6 | 1979.0 |
        Shoals |   7372 |   6624 |    748 |   3020 |     54 |   4 | 1843.0 |
   Spider Nest |   9744 |   9014 |    730 |   5428 |    893 |   4 | 2436.0 |
  Orcish Mines |   2227 |   1945 |    282 |    577 |    692 |   2 | 1113.5 |
        Vaults |     76 |     76 |      0 |      0 |      0 |   1 |   76.0 |
       Ossuary |    306 |    306 |      0 |     12 |      0 |   1 |  306.0 |
        Bailey |    725 |    725 |      0 |    393 |      0 |   1 |  725.0 |
      Ice Cave |    516 |    516 |      0 |    308 |      0 |   1 |  516.0 |
       Volcano |    442 |    442 |      0 |    197 |     61 |   1 |  442.0 |
               +--------+--------+--------+--------+--------+-----+--------+

Top non-repeatable levels by time:
  Lair:1: 4004 daAuts
Spider:3: 3244 daAuts
Shoals:2: 3140 daAuts
    D:10: 2631 daAuts
Spider:2: 2470 daAuts
     D:4: 2144 daAuts
    D:13: 2094 daAuts
Spider:4: 2060 daAuts
  Lair:3: 2050 daAuts
Spider:1: 1968 daAuts
  Lair:6: 1876 daAuts
  Lair:2: 1722 daAuts
     D:1: 1713 daAuts
Shoals:1: 1645 daAuts
     D:5: 1549 daAuts
